 Dungeon Crawl Stone Soup version 0.29.1-13-g9f3cf754e1 (webtiles) character file.

Game seed: 12596346941723158461

240 Exodus22XD the Poker (level 5, 0/39 HPs)
             Began as a Demonspawn Gladiator on Feb 3, 2023.
             Succumbed to Sigmund's poison
             ... on level 3 of the Dungeon.
             The game lasted 00:02:33 (2126 turns).

Exodus22XD the Poker (Demonspawn Gladiator)         Turns: 2126, Time: 00:02:33

Health: 0/39       AC: 10    Str: 16    XL:     5   Next: 80%
Magic:  2/5        EV: 12    Int: 10    God:
Gold:   98         SH:  0    Dex: 14    Spells: 4/4 levels left

rFire   . . .      SeeInvis +   a - +0 trident
rCold   . . .      Faith    .   (no shield)
rNeg    . . .      Spirit   +   g - +3 leather armour
rPois   .          Reflect  .   c - +0 helmet
rElec   .          Harm     .   (no cloak)
rCorr   .          Rampage  .   b - +0 pair of gloves
Will    .....                   (no boots)
Stlth   +.........              (no amulet)
HPRegen 0.13/turn               i - ring of see invisible
MPRegen 0.18/turn               (no ring)

@: lethally poisoned (0 -> -2), flying
A: slimy green scales 1, magic shield, magic regeneration
a: no special abilities


You were on level 3 of the Dungeon.
You visited 1 branch of the dungeon, and saw 3 of its levels.

You collected 98 gold pieces.

Inventory:

Hand Weapons
 a - a +0 trident (weapon)
Missiles
 d - 3 throwing nets (quivered)
 e - a javelin
Armour
 b - a +0 pair of gloves (worn)
 c - a +0 helmet (worn)
 g - a +3 leather armour (worn)
Jewellery
 i - a ring of see invisible (left hand)
Scrolls
 h - a scroll of poison {unknown}
 j - a scroll of noise {unknown}
 k - a scroll of silence {unknown}


   Skills:
 + Level 2.6 Fighting
 + Level 4.4 Polearms
 - Level 1.7 Throwing
 * Level 2.4 Armour
 + Level 3.4 Dodging
 + Level 0.4 Stealth


You had 4 spell levels left.
You didn't know any spells.
Your spell library was empty.

Dungeon Overview and Level Annotations

Branches:
Dungeon (3/15)

Altars:

Shops:
D:2 !?**

Annotations:
D:3 1 transporter, unrecovered's ghost, amateur GnWr


Innate Abilities, Weirdness & Mutations

You are partially covered in slimy green scales. (AC +2)
When hurt, damage is shared between your health and your magic reserves.
You regenerate magic rapidly.


Message History

* * * LOW HITPOINT WARNING * * *
Okay, then.
You feel sick.
Sigmund hits you from afar with a +1 scythe of venom.
* * * LOW HITPOINT WARNING * * *
You are lethally poisoned!
You're too confused to aim your attacks!
Unknown command.
It was a potion of flight.
You feel very buoyant.
You fly up into the air.
You feel less confused.
* * * LOW HITPOINT WARNING * * *
You feel sick. Sigmund barely misses you.
Reach: a) +0 trident
Press: ? - help, Dir - move target, f/p - Sigmund
Aim: Sigmund, wielding a +1 scythe of venom and wearing a +0 robe (heavily wounded, slightly transparent, about 45% to evade your +0 trident)
You reach to attack!
You hit Sigmund.
Sigmund is severely wounded.
* * * LOW HITPOINT WARNING * * *
You feel sick.
Reach: a) +0 trident
Press: ? - help, Dir - move target, f/p - Sigmund
Aim: Sigmund, wielding a +1 scythe of venom and wearing a +0 robe (severely wounded, slightly transparent, about 45% to evade your +0 trident)
You reach to attack!
You closely miss Sigmund.
Sigmund is severely wounded.
* * * LOW HITPOINT WARNING * * *
You feel sick. Sigmund barely misses you.
Reach: a) +0 trident
Press: ? - help, Dir - move target, f/p - Sigmund
Aim: Sigmund, wielding a +1 scythe of venom and wearing a +0 robe (severely wounded, slightly transparent, about 45% to evade your +0 trident)
You reach to attack!
You puncture Sigmund!
You kill Sigmund!
* * * LOW HITPOINT WARNING * * *
You feel sick.
Your Polearms skill increases to level 4!
Your Armour skill increases to level 2!
You have reached level 5!
You aren't carrying any potions.
You die...

#. #...........#
#.##...........#
#..#...........##
#...............
#...............
#.#...#...######
##.#....).##.....
#.....##..#8.#...
#..##..#.@#K..#
########..###$...#W.....
.......#..# ##..©#....©.
#..###.#..# ##..#..$...
...# #.#..# #..#...#.#.
...# #.#..# #..#8.#...#
...#
#.#..#####..##......
...#
#.#......#...#######
...#
#.#......#..........


You could see unrecovered's ghost and a kobold.

Vanquished Creatures
  Sigmund (D:3)
  Robin (D:2)
  2 worms (D:2)
  2 dart slugs
  3 endoplasms
  2 giant cockroaches
  13 goblins
  6 hobgoblins
  3 jackals (D:2)
  A quokka (D:1)
  A ball python (D:2)
  7 bats
  4 frilled lizards
  2 kobolds
48 creatures vanquished.

Notes
Turn   | Place    | Note
-------+----------+-------------------------------------------
     0 | D:1      | Exodus22XD the Demonspawn Gladiator began the quest for the
                  | Orb.
     0 | D:1      | Reached XP level 1. HP: 16/16 MP: 1/1
   174 | D:1      | Gained mutation: You are partially covered in slimy green
                  | scales. (AC +2) [demonic ancestry]
   174 | D:1      | Reached XP level 2. HP: 22/22 MP: 2/2
   312 | D:1      | Reached skill level 3 in Polearms
   923 | D:2      | Found Yweakhluu's Magic Scroll Boutique.
   927 | D:2      | You fall into a shaft and drop 1 floor!
   930 | D:2      | Found Udeleghush's Assorted Antiques.
  1048 | D:2      | Gained mutation: You regenerate magic rapidly. [demonic
                  | ancestry]
  1048 | D:2      | Reached XP level 3. HP: 23/27 MP: 3/3
  1180 | D:2      | Found Qyssoiheji's Assorted Antiques.
  1248 | D:2      | Reached skill level 1 in Armour
  1248 | D:2      | Found Huas's Distillery.
  1349 | D:2      | Noticed Robin
  1358 | D:2      | Killed Robin
  1413 | D:2      | Gained mutation: When hurt, damage is shared between your
                  | health and your magic reserves. [demonic ancestry]
  1413 | D:2      | Reached XP level 4. HP: 20/33 MP: 4/4
  2048 | D:3      | Found a transporter.
  2048 | D:3      | Noticed unrecovered's ghost (amateur GnWr)
  2106 | D:3      | Noticed Sigmund
  2125 | D:3      | Killed Sigmund
  2125 | D:3      | HP: 1/33 [poisoned by Sigmund]
  2126 | D:3      | Reached skill level 4 in Polearms
  2126 | D:3      | Reached XP level 5. HP: 1/39 MP: 2/5
  2126 | D:3      | Succumbed to Sigmund's poison

Illustrated notes

Levels and vault maps discovered:
D:1:      lightli_arrival_statue_moat, layout_loops_ring, minivault_4
D:2:      layout_loops_corners, serial_shops, nicolae_shop_waterfront, shop,
          nicolae_shop_stone, nicolae_shop_crystal, uniq_robin
D:3:      layout_basic, mainiacjoe_overflow_concentric_impassable,
          gammafunk_ghost_arena, minivault_19, uniq_terence, uniq_sigmund

Skill      XL: |  1  2  3  4 |
---------------+-------------+-----
Polearms       | 3 4 |  4.4
Dodging        | 3 |  3.4
Armour         | 1 2 |  2.4
Fighting       | |  2.6
Throwing       | |  1.7
Stealth        | |  0.4

Action                   |  1- 3 |  4- 6 || total
-------------------------+-------+-------++-------
Melee: Trident           |   148 |    21 ||   169
       Punch             |     1 |       ||     1
  Use: Potion            |       |     1 ||     1
 Stab: Sleeping          |     1 |       ||     1
Armor: Leather armour    |    50 |     4 ||    54
Dodge: Dodged            |    62 |     8 ||    70
